 Dungeon Crawl Stone Soup version 0.30-a0-613-gdd512c7efb (webtiles) character file.

Game seed: 18378637899480352591

224 wormed the Slasher (level 5, 0/42 HPs)
             Began as a Demigod Gladiator on Jan 8, 2023.
             Slain by a river rat (4 damage)
             ... in a sewer.
             The game lasted 00:04:36 (2726 turns).

wormed the Slasher (Demigod Gladiator)              Turns: 2726, Time: 00:04:36

Health: 0/42       AC:  9    Str: 21    XL:     5   Next: 40%
Magic:  7/7        EV: 10    Int: 10    God:
Gold:   128        SH:  0    Dex: 19    Spells: 4/4 levels left

rFire   . . .      SeeInvis .    a - +0 long sword
rCold   . . .      Faith    .    (no shield)
rNeg    . . .      Spirit   .    b - +0 leather armour
rPois   .          Reflect  .    c - +0 helmet
rElec   .          Harm     .    p - +1 cloak {rCorr}
rCorr   +          Rampage  .    u - +0 pair of gloves
Will    +....                    m - +1 pair of boots
Stlth   +                        (no amulet)
HPRegen 0.27/turn                g - +6 ring of strength
MPRegen 0.10/turn                q - ring of willpower

@: constricted
A: high MP 1, forlorn, divine attributes
a: no special abilities


You were in a sewer.
You visited 1 branch of the dungeon, and saw 3 of its levels.
You also visited: Sewer.

You collected 128 gold pieces.

Inventory:

Hand Weapons
 a - a +0 long sword (weapon)
Missiles
 d - 3 throwing nets (quivered)
 e - a javelin
 f - 8 poisoned darts
Armour
 b - a +0 leather armour (worn)
 c - a +0 helmet (worn)
 m - a +1 pair of boots (worn)
 p - a +1 cloak of preservation (worn)
 u - a +0 pair of gloves (worn)
Jewellery
 g - a +6 ring of strength (left hand)
 h - a ring of fire
 q - a ring of willpower (right hand)
Scrolls
 j - a scroll of identify
 k - a scroll of enchant armour
 l - a scroll of fog {unknown}
 o - a scroll of vulnerability {unknown}
 s - a scroll of poison {unknown}
 t - a scroll of magic mapping {unknown}


   Skills:
 + Level 2.7 Fighting
 * Level 4.0 Long Blades
 + Level 2.6 Throwing
 + Level 3.3 Dodging
 + Level 1.8 Shields


You had 4 spell levels left.
You didn't know any spells.
Your spell library was empty.

Dungeon Overview and Level Annotations

Branches:
Dungeon (3/15)              Sewer (1/1)


Innate Abilities, Weirdness & Mutations

You have an increased reservoir of magic. (+10% MP)
You shall have no god before yourself.
Your divine heritage dramatically boosts your attributes as you level up.


Message History

The ball python bites you.
* * * LOW HITPOINT WARNING * * *
The ball python barely misses you. The ball python constricts you.
The rat bites you but does no damage.
Your Long Blades skill increases to level 4!
As you read the scroll labelled VORUIR MUKHY, it crumbles to dust.
It is a scroll of identify.
k - a scroll of enchant armour The river rat bites you but does no damage.
The ball python misses you. The ball python bites you.
* * * LOW HITPOINT WARNING * * *
The ball python constricts you. The rat bites you but does no damage.
The rat closely misses you.
You slash the rat!
You kill the rat!
The ball python barely misses you. The river rat barely misses you.
The ball python barely misses you. The ball python constricts you.
The ball python closely misses you. The river rat closely misses you.
You hit the rat.
The rat is heavily wounded.
The ball python closely misses you. The ball python constricts you.
The rat bites you but does no damage. The ball python barely misses you.
The ball python bites you but does no damage.
The ball python constricts you. The river rat bites you.
* * * LOW HITPOINT WARNING * * *
You slash the rat!
You kill the rat!
The ball python bites you but does no damage.
The rat closely misses you. The ball python barely misses you.
The ball python constricts you.
The river rat bites you but does no damage.
You slash the rat!
You kill the rat!
The ball python closely misses you. The ball python constricts you.
The ball python bites you but does no damage.
The river rat bites you but does no damage.
The ball python bites you but does no damage.
The ball python constricts you. The ball python misses you.
You barely miss the ball python. The river rat bites you.
You die...

#####†..# #..'....#
#..#....# ####...##
####################....#
###.#≈≈≈≈≈#~#~~~≈≈≈~..†...#
##...~≈≈~≈≈~~~~~~~≈≈≈~.....#
#....~~~≈≈≈r†~≈~~≈~≈≈~.....#
#....†~≈~≈≈†@~~~~~≈~≈~....##
#....~~~~≈~SS~≈≈≈~~~~~...##
#.....#≈≈~~~#≈≈≈≈≈~~~≈#.###
#.... ###################
#... ... .. .


You could see a river rat and 2 ball pythons.

Vanquished Creatures
  Crazy Yiuf (D:2)
  Jessica (D:2)
  6 adders
  3 river rats (Sewer)
  3 worms
  A dart slug (D:1)
  3 bats (D:2)
  5 endoplasms
  6 giant cockroaches
  6 goblins
  4 hobgoblins
  4 kobolds
  7 quokkas
  9 ball pythons
  6 frilled lizards
  20 rats
85 creatures vanquished.

Notes
Turn   | Place    | Note
-------+----------+-------------------------------------------
     0 | D:1      | wormed the Demigod Gladiator began the quest for the Orb.
     0 | D:1      | Reached XP level 1. HP: 17/17 MP: 3/3
   300 | D:1      | You fall into a shaft and drop 1 floor!
   332 | D:2      | Reached skill level 3 in Long Blades
   332 | D:2      | Reached XP level 2. HP: 15/24 MP: 4/4
   671 | D:1      | Reached XP level 3. HP: 27/29 MP: 5/5
  1432 | D:2      | Identified the +0 ring mail of Valour {Regen+ rCorr Int-3}
  1498 | D:2      | Reached skill level 1 in Shields
  1934 | D:2      | Noticed Jessica
  1939 | D:2      | Killed Jessica
  1940 | D:2      | Reached XP level 4. HP: 33/37 MP: 6/6
  1967 | D:2      | Found a runed translucent door.
  1968 | D:2      | Noticed Crazy Yiuf
  2199 | D:2      | Killed Crazy Yiuf
  2385 | D:3      | Reached XP level 5. HP: 42/42 MP: 7/7
  2387 | D:3      | Found a glowing drain.
  2430 | Sewer    | Entered a sewer
  2721 | Sewer    | Reached skill level 4 in Long Blades
  2726 | Sewer    | Slain by a river rat

Illustrated notes

Levels and vault maps discovered:
D:1:      dpeg_arrival_central, layout_loops_ring, serial_co_window_serial,
          co_window_corner_a, co_window_paths_b, co_window_of_opportunity_a,
          co_window_corner_a, co_window_paths_a, co_window_corner_b,
          co_window_unsneaky_path_b, co_window_of_opportunity_b,
          co_window_broadway_a, co_window_2corner, glass_columns_b,
          glass_columns_a, glass_columns_a, glass_columns_a
D:2:      layout_loops_ring, kennysheep_cross_bottleneck,
          uniq_crazy_yiuf_cottage, uniq_jessica
D:3:      layout_loops_ring, gup_sewer_entry_pipe, kennysheep_big_empty_room
Sewer:    sewer_minmay_w

Skill      XL: |  1  2  3  4  5 |
---------------+----------------+-----
Fighting       | 2 |  2.7
Long Blades    | 3 4 |  4.0
Throwing       | 2 |  2.6
Dodging        | 3 |  3.3
Shields        | 1 |  1.8

Action                   |  1- 3 |  4- 6 || total
-------------------------+-------+-------++-------
Melee: Long sword        |   120 |   141 ||   261
       Punch             |     2 |     1 ||     3
Throw: Throwing net      |       |     3 ||     3
  Use: Scroll            |       |     2 ||     2
       Potion            |       |     4 ||     4
 Stab: Sleeping          |     7 |       ||     7
Armor: Leather armour    |    31 |   107 ||   138
Dodge: Dodged            |    81 |   194 ||   275

Table legend: (Time is in decaauts)
 A = Elapsed time spent in this place.
 B = Non-inter-level travel time spent in this place.
 C = Inter-level travel time spent in this place.
 D = Time resting spent in this place.
 E = Time spent auto-exploring this place.
 F = Levels seen in this place.
 G = Mean time per level.
                   A        B        C        D        E       F      G
               +--------+--------+--------+--------+--------+-----+--------+
         Total |   2831 |   2718 |    113 |      0 |   1993 |   4 |  707.8 |
       Dungeon |   2478 |   2365 |    113 |      0 |   1820 |   3 |  826.0 |
         Sewer |    353 |    353 |      0 |      0 |    173 |   1 |  353.0 |
               +--------+--------+--------+--------+--------+-----+--------+

Top non-repeatable levels by time:
     D:1: 1177 daAuts
     D:2: 1101 daAuts
   Sewer: 353 daAuts
     D:3: 199 daAuts
